 Dungeon Crawl Stone Soup version 0.28-a0-793-g31680bbd8b (webtiles) character file.

Game seed: 17482525685911387492

515 ytrimaz the Chopper (level 7, 0/55 HPs)
             Began as a Formicid Fighter on Nov 3, 2021.
             Slain by an orc warrior (8 damage)
             ... on level 4 of the Dungeon.
             The game lasted 00:04:46 (4437 turns).

ytrimaz the Chopper (Formicid Fighter)              Turns: 4437, Time: 00:04:46

Health: 0/55       AC:  7    Str: 22    XL:     7   Next: 44%
Magic:  7/7        EV: 10    Int:  8    God:
Gold:   153        SH:  4    Dex: 10    Spells: 6/6 levels left

rFire   . . .      SeeInvis +   a - +0 war axe
rCold   . . .      Faith    .   c - +0 buckler
rNeg    . . .      Spirit   .   b - +0 scale mail
rPois   .          Reflect  .   (helmet unavailable)
rElec   .          Harm     .   (no cloak)
rCorr   .          Rampage  .   (no gloves)
Will    .....                   (no boots)
Stlth   ..........              h - amulet of the acrobat
HPRegen 0.18/turn               (no ring)
MPRegen 0.10/turn               (no ring)

@: attractive
A: permanent stasis, dig shafts and tunnels, antennae 3, four strong arms
a: Dig, Shaft Self


You were on level 4 of the Dungeon.
You visited 1 branch of the dungeon, and saw 5 of its levels.

You collected 153 gold pieces.

Inventory:

Hand Weapons
 a - a +0 war axe (weapon)
Armour
 b - a +0 scale mail (worn)
 c - a +0 buckler (worn)
 g - a +0 kite shield
 j - a +0 plate armour
Jewellery
 h - an amulet of the acrobat (around neck)
Wands
 l - a wand of iceblast (11)
Scrolls
 f - 2 scrolls of fog
 m - a scroll of amnesia
Potions
 d - a potion of ambrosia
 i - 2 potions of curing


   Skills:
 * Level 4.8 Fighting
 * Level 5.6 Axes
 + Level 4.4 Armour
 * Level 2.0 Dodging
 - Level 3.9 Shields


You had 6 spell levels left.
You didn't know any spells.
Your spell library contained the following spells:

 Spells                   Type           Power      Damage    Failure   Level
 Beastly Appendage        Tmut           0%         N/A       73%         1
 Wereblood                Tmut           0%         N/A       86%         2
 Gell's Gravitas          Tloc           0%         N/A       97%         3
 Lesser Beckoning         Tloc           0%         N/A       97%         3
 Spider Form              Tmut/Pois      0%         N/A       97%         3
 Teleport Other           Tloc           0%         N/A       97%         3


Dungeon Overview and Level Annotations

Branches:
Dungeon (5/15)
 Temple: D:4-7

Altars:
Uskayaw
Wu Jian
Yredelemnul
Zin


Innate Abilities, Weirdness & Mutations

You cannot be hasted, slowed, berserked, paralysed or teleported.
You can dig through walls and to a lower floor.
You have a pair of large antennae on your head. (SInv)
Your four strong arms can wield two-handed weapons with a shield.


Message History

An orc wizard comes into view. It is wielding a +0 dagger.
The orc wizard hits you but does no damage. x2
The orc wizard shouts!
You hit the orc warrior but do no damage.
You slash the orc wizard! You hit the giant cockroach. You hit the orc wizard.
You block the orc wizard's attack. You block the orc warrior's attack.
The giant cockroach bites you but does no damage.
The orc wizard hits you but does no damage. x2
The orc wizard casts a spell at you.
You easily resist.
The orc warrior closely misses you.
The orc wizard shouts!
You hit the orc warrior but do no damage.
You hit the orc wizard. You hit the giant cockroach.
You barely miss the orc wizard.
The giant cockroach bites you but does no damage.
The orc wizard hits you but does no damage.
You block the giant cockroach's attack.
The orc wizard hits you with a +0 dagger.
The orc warrior hits you with a +0 mace!
It was a potion of attraction.
You feel attractive to monsters.
The orc wizard gestures at you while chanting.
The puff of flame hits you!
The giant cockroach bites you but does no damage.
An orc wizard comes into view. It is wielding a +0 dagger.
The orc wizard barely misses you.
The orc warrior hits you with a +0 mace!
The orc wizard is attracted toward you. x4
It was a potion of haste.
Your stasis prevents you from being hasted.
You block the giant cockroach's attack.
The orc wizard hits you with a +0 dagger.
The orc wizard casts a spell at you. The magic dart hits you.
* * * LOW HITPOINT WARNING * * *
The orc wizard gestures at you while chanting.
The magic dart hits you.
* * * LOW HITPOINT WARNING * * *
The orc warrior hits you with a +0 mace!
You die...

#......##...## ..
#.....##.....##...
#.....#.†.....#...
.
##.##....._...B..
.. ## ###.......#
... ##.....## ....
##...###.....
###.##o......
#...B@o.....#
.......oo#.....#
{#.....oo..# ...##
###....o..# #.#
#.## oo#..§.....
......
###.o#.....# .....
.§..##....# ....
..# ##....## ...
.#... #.##.###..


You could see an orc warrior, 6 orc wizards and a giant cockroach.

Vanquished Creatures
  Grinder (D:3)
  A jelly (D:4)
  A hound (D:4)
  Crazy Yiuf (D:3)
  Jessica (D:3)
  Ijyb (D:3)
  An iguana (D:5)
  An orc wizard (D:3)
  5 adders
  3 worms
  3 dart slugs
  5 orcs (D:3)
  5 endoplasms
  7 giant cockroaches
  6 hobgoblins
  7 kobolds
  A quokka (D:2)
  3 ball pythons
  4 bats
  5 frilled lizards
  7 goblins
  15 rats
84 creatures vanquished.

Notes
Turn   | Place    | Note
-------+----------+-------------------------------------------
     0 | D:1      | ytrimaz the Formicid Fighter began the quest for the Orb.
     0 | D:1      | Reached XP level 1. HP: 18/18 MP: 1/1
     2 | D:1      | Noticed a minotaur
     2 | D:1      | Noticed a human
     4 | D:1      | Noticed a tengu
     4 | D:1      | Noticed a ghoul
     6 | D:1      | Noticed an octopode
     8 | D:1      | Noticed a felid
     8 | D:1      | Noticed a merfolk
    20 | D:1      | Noticed a vine stalker
    22 | D:1      | Noticed a troll
    22 | D:1      | Noticed a formicid
    24 | D:1      | Noticed an elf
    26 | D:1      | Noticed a vampire
    32 | D:1      | Noticed a draconian
    32 | D:1      | Noticed a dwarf
    34 | D:1      | Noticed a demonspawn
    34 | D:1      | Noticed a demigod
    36 | D:1      | Noticed an ogre
    38 | D:1      | Noticed a gargoyle
    38 | D:1      | Noticed a naga
    40 | D:1      | Noticed a spriggan
   276 | D:1      | Reached XP level 2. HP: 24/24 MP: 2/2
   279 | D:1      | Found a faded altar of an unknown god.
   549 | D:1      | Reached XP level 3. HP: 25/30 MP: 3/3
  1717 | D:2      | Reached XP level 4. HP: 37/37 MP: 4/4
  1827 | D:2      | Reached skill level 3 in Axes
  1828 | D:2      | Reached skill level 1 in Dodging
  2713 | D:3      | Noticed Jessica
  2725 | D:3      | Killed Jessica
  2726 | D:3      | Reached XP level 5. HP: 19/42 MP: 5/5
  3034 | D:3      | Found an ornate altar of the Wu Jian Council.
  3223 | D:3      | Found a basalt altar of Yredelemnul.
  3242 | D:3      | Noticed Grinder
  3255 | D:3      | Killed Grinder
  3256 | D:3      | Reached skill level 5 in Axes
  3256 | D:3      | Reached XP level 6. HP: 21/49 MP: 6/6
  3489 | D:3      | Reached XP level 7. HP: 47/55 MP: 7/7
  3614 | D:3      | You fall into a shaft and drop 2 floors!
  3614 | D:5      | Entered Level 5 of the Dungeon
  3614 | D:5      | Found a glowing silver altar of Zin.
  3780 | D:3      | Noticed Ijyb
  3794 | D:3      | Killed Ijyb
  4185 | D:3      | Found a runed translucent door.
  4186 | D:3      | Noticed Crazy Yiuf
  4236 | D:3      | Killed Crazy Yiuf
  4421 | D:4      | Found a hide-covered altar of Uskayaw.
  4437 | D:4      | Slain by an orc warrior

Illustrated notes

Levels and vault maps discovered:
D:1:      kb_arrival_jail, layout_loops_corners,
          chequers_ecumenical_altar_simple_redux, minmay_pentomino_x2
D:2:      minmay_inner_zag, layout_basic, minmay_rat_gold_closets
D:3:      layout_basic, nicolae_wu_jian_immortal_techniques,
          yredelemnul_altar_generic, uniq_crazy_yiuf_cottage, uniq_grinder,
          uniq_ijyb, uniq_jessica
D:4:      layout_cave_pools, lemuel_round_altar, jmf_multi_god_temple,
          temple_statues, minmay_a_box_with_orc_wizards_in_it,
          uniq_blork_the_orc, uniq_pikel, uniq_eustachio
D:5:      kennysheep_windowed_halls, layout_loops_ring,
          mainiacjoe_overflow_surrounded_room, minmay_misc_feat_enclosed

Skill      XL: |  1  2  3  4  5  6  7 |
---------------+----------------------+-----
Fighting       | 4 |  4.8
Axes           | 3 5 |  5.6
Dodging        | 1 2 |  2.0
Armour         | 4 |  4.4
Shields        | |  3.9

Action                   |  1- 3 |  4- 6 |  7- 9 || total
-------------------------+-------+-------+-------++-------
Melee: War axe           |    88 |   109 |    57 ||   254
  Use: Scroll            |     3 |     2 |     2 ||     7
       Potion            |       |     1 |     2 ||     3
Armor: Scale mail        |    48 |    45 |    23 ||   116
Dodge: Dodged            |    39 |    55 |    18 ||   112
Block: Buckler           |    11 |    25 |    17 ||    53

Table legend: (Time is in decaauts)
 A = Elapsed time spent in this place.
 B = Non-inter-level travel time spent in this place.
 C = Inter-level travel time spent in this place.
 D = Time resting spent in this place.
 E = Time spent auto-exploring this place.
 F = Levels seen in this place.
 G = Mean time per level.
                   A        B        C        D        E       F      G
               +--------+--------+--------+--------+--------+-----+--------+
         Total |   4519 |   4378 |    141 |    486 |   3096 |   5 |  903.8 |
       Dungeon |   4519 |   4378 |    141 |    486 |   3096 |   5 |  903.8 |
               +--------+--------+--------+--------+--------+-----+--------+

Top non-repeatable levels by time:
     D:3: 1715 daAuts
     D:2: 1549 daAuts
     D:1: 1179 daAuts
     D:4: 49 daAuts
     D:5: 26 daAuts
